 Dungeon Crawl Stone Soup version 0.29.1-2-gbd0b4ee654 (webtiles) character file.

Game seed: 17133734436676798647

155 Avanven the Shooter (level 5, -1/30 HPs)
             Began as a Tengu Hunter on Nov 4, 2022.
             Shot with an arrow by a centaur (13 damage)
             ... on level 4 of the Dungeon.
             The game lasted 00:04:05 (2678 turns).

Avanven the Shooter (Tengu Hunter)                  Turns: 2678, Time: 00:04:06

Health: -1/30      AC:  3    Str: 11    XL:     5   Next: 37%
Magic:  6/6        EV: 14    Int:  9    God:
Gold:   199        SH:  0    Dex: 20    Spells: 4/4 levels left

rFire   . . .      SeeInvis .   a - +0 shortbow
rCold   . . .      Faith    .   (shield currently unavailable)
rNeg    . . .      Spirit   .   c - +0 leather armour
rPois   .          Reflect  .   (helmet restricted)
rElec   .          Harm     .   (no cloak)
rCorr   .          Rampage  .   (no gloves)
Will    +....                   (boots unavailable)
Stlth   ++........              (no amulet)
HPRegen 0.10/turn               i - ring of willpower
MPRegen 0.10/turn               (no ring)

@: flying quickly and evasively, quick
A: beak, talons 3, nimble flight
a: no special abilities


You were on level 4 of the Dungeon.
You visited 1 branch of the dungeon, and saw 4 of its levels.

You collected 199 gold pieces.

Inventory:

Hand Weapons
 a - a +0 shortbow (weapon)
Armour
 c - a +0 leather armour (worn)
Jewellery
 i - a ring of willpower (left hand)
Scrolls
 b - a scroll of immolation
 d - a scroll of blinking
 h - 6 scrolls of teleportation {unknown}
 j - 2 scrolls of butterflies {unknown}
 l - 2 scrolls of poison {unknown}
 m - a scroll of amnesia {unknown}
 o - a scroll of identify {unknown}
 q - a scroll of enchant armour {unknown}
Potions
 e - a potion of lignification {unknown}
 f - a potion of cancellation {unknown}
 g - a potion of flight {unknown}
 k - 2 potions of brilliance {unknown}
 n - a potion of degeneration {unknown}
 p - a potion of heal wounds {unknown}
 r - a potion of haste {unknown}


   Skills:
 - Level 2.0 Fighting
 * Level 7.1 Ranged Weapons
 - Level 2.1 Dodging
 - Level 1.0 Stealth


You had 4 spell levels left.
You didn't know any spells.
Your spell library contained the following spells:

 Spells                   Type           Power      Damage    Failure   Level
 Apportation              Tloc           0%         N/A       47%         1
 Necrotise                Necr           0%         1d4       47%         1
 Summon Small Mammal      Summ           0%         N/A       47%         1
 Gell's Gravitas          Tloc           0%         N/A       85%         3
 Lesser Beckoning         Tloc           0%         N/A       85%         3
 Teleport Other           Tloc           0%         N/A       85%         3


Dungeon Overview and Level Annotations

Branches:
Dungeon (4/15)
 Temple: D:4-7

Altars:
Gozag
Vehumet


Innate Abilities, Weirdness & Mutations

You have a beak for a mouth.
You have claws for feet.
Your magical nature lets you fly swiftly and evasively.


Message History

The orc is heavily wounded.
The orc hits you but does no damage.
You shoot an arrow. The arrow barely misses the orc.
The arrow barely misses the centaur.
The orc hits you with a +0 dagger. The orc barely misses you.
You shoot an arrow. The arrow hits the orc.
The orc is almost dead.
The orc hits you with a +0 dagger.
You shoot an arrow.
The arrow hits the orc but does no damage.
The orc is almost dead.
The orc closely misses you.
You shoot an arrow. The arrow completely misses the orc.
The arrow hits the centaur!
The centaur is heavily wounded.
The orc completely misses you.
There are monsters nearby!
There are monsters nearby!
You shoot an arrow. The arrow hits the orc!
You kill the orc!
The centaur unwields a +0 long sword.
The centaur wields a +0 shortbow of freezing.
It is covered in frost.
The centaur shoots an arrow.
The arrow barely misses you.
You shoot an arrow.
The arrow hits the centaur but does no damage.
The centaur is heavily wounded.
The centaur unwields a +0 shortbow of freezing.
The centaur wields a +0 long sword.
The centaur hits you with a +0 long sword!
The centaur barely misses you.
Okay, then.
Okay, then.
Blink to where?
Press: ? - help, Dir - move target, p - centaur
As you read the scroll of blinking, it crumbles to dust.
The centaur unwields a +0 long sword.
The centaur wields a +0 shortbow of freezing.
It is covered in frost.
The centaur shoots an arrow.
The arrow hits you!
You die...

####### #...c.#
#@###.# #.# #)#
#.# ... #.##.>..
#.##.....
#.##......
#.##......!
#####'##........
#......#


You could see a centaur.

Vanquished Creatures
  Jessica (D:3)
  4 adders
  2 worms
  3 dart slugs
  6 orcs
  7 ball pythons
  5 endoplasms
  4 giant cockroaches
  9 hobgoblins
  5 jackals (D:1)
  3 quokkas
  7 bats
  5 frilled lizards
  4 goblins
  4 kobolds
  3 rats (D:1)
72 creatures vanquished.

Notes
Turn   | Place    | Note
-------+----------+-------------------------------------------
     0 | D:1      | Avanven the Tengu Hunter began the quest for the Orb.
     0 | D:1      | Reached XP level 1. HP: 12/12 MP: 2/2
   122 | D:1      | Reached XP level 2. HP: 17/17 MP: 3/3
   123 | D:1      | Reached skill level 5 in Ranged Weapons
   318 | D:1      | Reached XP level 3. HP: 21/21 MP: 4/4
  1190 | D:2      | Reached skill level 6 in Ranged Weapons
  1190 | D:2      | Reached XP level 4. HP: 21/26 MP: 5/5
  1577 | D:3      | Found a radiant altar of Vehumet.
  1864 | D:3      | Found a faded altar of an unknown god.
  2178 | D:3      | Gained mutation: Your magical nature lets you fly swiftly
                  | and evasively. [Tengu growth]
  2178 | D:3      | Reached XP level 5. HP: 30/30 MP: 6/6
  2294 | D:3      | Identified the +1 ring mail of Dishonesty {Fly rF- rN+
                  | Slay+2}
  2351 | D:3      | Noticed Jessica
  2353 | D:3      | Killed Jessica
  2354 | D:3      | Reached skill level 7 in Ranged Weapons
  2355 | D:3      | Found an opulent altar of Gozag.
  2664 | D:4      | Noticed a centaur
  2678 | D:4      | Shot with an arrow by a centaur

Illustrated notes

Levels and vault maps discovered:
D:1:      minmay_arrival_open_corners, layout_basic
D:2:      layout_basic
D:3:      layout_basic, nicolae_vehumet_radiance, grunt_gozag_statues,
          shapermc_ecumenical_altar_starsandcircs, bh_walls_and_bars,
          uniq_jessica
D:4:      layout_basic, gammafunk_ghost_arena, grunt_tough_drop

Skill      XL: |  1  2  3  4  5 |
---------------+----------------+-----
Ranged Weapons | 5 6 7 |  7.1
Fighting       | |  2.0
Dodging        | |  2.1
Stealth        | |  1.0

Action                   |  1- 3 |  4- 6 || total
-------------------------+-------+-------++-------
 Fire: Shortbow          |   102 |    97 ||   199
  Use: Scroll            |     2 |     1 ||     3
Armor: Leather armour    |     5 |    15 ||    20
Dodge: Dodged            |    25 |    43 ||    68
